 Dungeon Crawl Stone Soup version 0.22-a0-379-ga9d99d6 (webtiles) character file.

4966 4thArraOfDagon the Geomancer (level 10, -20/63 HPs)
             Began as a Halfling Conjurer on Apr 28, 2018.
             Was a Priest of Vehumet.
             Demolished by a two-headed ogre
             ... wielding a +0 giant club
              (22 damage)
             ... on level 8 of the Dungeon.
             The game lasted 00:41:07 (10775 turns).

4thArraOfDagon the Geomancer (Halfling Conjurer)   Turns: 10775, Time: 00:41:07

Health: -20/63     AC:  7    Str:  9    XL:     10   Next: 82%
Magic:  0/18       EV: 19    Int: 16    God:    Vehumet [***...]
Gold:   371        SH:  0    Dex: 16    Spells: 11/20 levels left

rFire    + . .     SeeInvis .   m - +7 club
rCold    . . .     Gourm    .   (shield restricted)
rNeg     . . .     Faith    .   F - +1 leather armour {rF+}
rPois    +         Spirit   .   (no helmet)
rElec    .         Reflect  .   y - +0 cloak
rCorr    .         Harm     .   (no gloves)
MR       .....                  (no boots)
Stlth    ++........             (no amulet)
HPRegen  0.20/turn              t - +2 ring of protection
MPRegen  0.16/turn              o - ring of poison resistance

@: no status effects
A: small, mutation resistance 1
a: Renounce Religion


You were on level 8 of the Dungeon.
You worshipped Vehumet.
Vehumet was most pleased with you.
You were hungry.

You visited 2 branches of the dungeon, and saw 9 of its levels.
You also visited: Sewer.

You collected 371 gold pieces.

Inventory:

Hand Weapons
 e - a +1 hunting sling
 i - a +2 dagger of electrocution
 m - a +7 club (weapon)
Missiles
 d - 75 sling bullets
 f - 77 stones (quivered)
Armour
 a - a +0 robe
 q - a scarf of cloud immunity
 y - a +0 cloak (worn)
 F - a +1 leather armour of fire resistance (worn)
Jewellery
 j - an uncursed ring of flight
 o - a ring of poison resistance (right hand)
 t - a +2 ring of protection (left hand)
 I - an uncursed ring of protection from magic
 M - an uncursed ring of protection from fire
Wands
 v - a wand of flame (18)
 J - a wand of paralysis (15)
Scrolls
 n - 2 scrolls of amnesia
 p - 6 scrolls of remove curse
 r - 2 scrolls of immolation {unknown}
 u - 2 scrolls of blinking
 w - 2 scrolls of fear {unknown}
 x - 5 scrolls of teleportation
 D - 3 scrolls of noise
 E - 2 scrolls of enchant armour {unknown}
Potions
 b - a potion of haste
 g - 2 potions of heal wounds
 h - 3 potions of curing
 k - a potion of agility
 l - 5 potions of flight
 s - 3 potions of cancellation
 z - a potion of berserk rage {unknown}
 A - a potion of brilliance
 B - 2 potions of resistance
 C - a potion of degeneration {unknown}
 G - 2 potions of might
 K - a potion of magic {unknown}
 L - a potion of mutation {unknown}
Comestibles
 c - 3 rations
 H - 2 chunks of flesh


   Skills:
 - Level 3.2 Fighting
 - Level 3.3 Slings
 + Level 7.1 Dodging
 - Level 2.1 Stealth
 + Level 5.7 Spellcasting
 - Level 6.8 Conjurations
 * Level 8.2 Earth Magic


You had 11 spell levels left.
You knew the following spells:

 Your Spells              Type           Power        Failure   Level  Hunger
a - Magic Dart            Conj           ####         1%          1    None
b - Iskenderun's Mystic   Conj           ####....     3%          4    ####...
c - Dazzling Spray        Conj/Hex       ###...       4%          3    ##.....
d - Sandblast             Erth           ####..       1%          1    None


Dungeon Overview and Level Annotations

Branches:
Dungeon (8/15)             Temple (1/1) D:4
   Lair: D:8-11

Altars:
Ashenzari
Cheibriados
Dithmenos
Elyvilon
Fedhas
Gozag
Hepliaklqana
Makhleb
Nemelex Xobeh
Okawaru
Qazlal
Ru
Sif Muna
Trog
Vehumet
Wu Jian
Xom
Yredelemnul
Zin
The Shining One

Annotations:
D:1 Terence
D:5 Edmund
D:7 Nuz's ghost, novice DrCj
D:8 Joseph


Innate Abilities, Weirdness & Mutations

You are small and have problems with some larger weapons.
You are somewhat resistant to further mutation.


Message History

Aim: a two-headed ogre, wielding two giant clubs (almost dead)
The orb of energy misses the two-headed ogre.
The orb of energy hits Joseph.
Joseph is lightly wounded.
You are feeling hungry.
Unknown command.
Unknown command.
Casting: Iskenderun's Mystic Blast (safe; 3% risk of failure)
Confirm with . or Enter, or press ? or * to list all spells.
Aiming: Iskenderun's Mystic Blast (safe; 3% risk of failure)
Press: ? - help, Shift-Dir - straight line, f/p - two-headed ogre
Aim: a two-headed ogre, wielding two giant clubs (almost dead)
The orb of energy hits the two-headed ogre.
The two-headed ogre is almost dead.
The orb of energy explodes!
The mystic blast hits Joseph.
Joseph is lightly wounded.
The two-headed ogre hits you with a giant club!!
* * * LOW HITPOINT WARNING * * *
The two-headed ogre hits you with a giant club!!
You die...

#.y..# .. #.####.#......
...@. .# #.#######
#...###.## #.# ##........#
#.# ##.##...#.#.#.#
#.####### ..........._..#
##.####........
##.##.#.#.#.###
(..........####
..........(#######.###..##.#
#...........@O@..# #..##.#
#......)#.######.#
##..##.### #.#.#.#.#.#
#.#.##.........# ##
#.#.#.#.# #......<.##.##.# .
#.....#.########.###..##.#
.# . . #.............#
#..##.##.# # #....###.######
#..#...#.. #
###..##.#.#######.......## #
....#.###................


You could see Joseph and a two-headed ogre.

Vanquished Creatures
  Pikel (D:4)
  Grinder (D:5)
  Sigmund (D:5)
  Eustachio (D:5)
  Menkaure (D:4)
  Duvessa (D:4)
  An orc warrior (D:8)
  A sky beast (D:6)
  2 black bears (D:7)
  3 ice beasts
  3 phantoms
  A necrophage (D:6)
  3 ogres
  3 centaurs
  3 bullfrogs
  Dowan (D:4)
  3 scorpions
  5 killer bees (D:8)
  10 wights
  4 howler monkeys
  3 crimson imps
  A bullfrog zombie (D:7)
  A quasit (D:7)
  A centaur zombie (D:6)
  3 hounds
  2 jellies
  A bullfrog skeleton (D:6)
  6 orc priests
  Crazy Yiuf (D:2)
  Jessica (D:3)
  An iguana (D:7)
  2 worker ants
  6 orc wizards
  A howler monkey skeleton (D:7)
  4 gnolls (D:7)
  7 adders
  2 river rats (D:6)
  3 shadow imps
  3 oozes (Sewer)
  An adder skeleton (D:5)
  5 worms
  3 dart slugs (D:1)
  4 leopard geckos
  15 orcs
  5 giant cockroaches
  8 goblins
  6 hobgoblins
  8 jackals
  2 quokkas
  7 ball pythons
  12 bats
  3 frilled lizards
  2 jackal skeletons
  A jackal zombie (D:5)
  4 kobolds
  A quokka zombie (D:7)
  4 rats
189 creatures vanquished.

Notes
Turn   | Place    | Note
-------+----------+-------------------------------------------
     0 | D:1      | 4thArraOfDagon the Halfling Conjurer began the quest for the Orb.
     0 | D:1      | Reached XP level 1. HP: 11/11 MP: 3/3
   189 | D:1      | Reached skill level 1 in Slings
   189 | D:1      | Reached XP level 2. HP: 17/17 MP: 4/4
   556 | D:2      | Reached XP level 3. HP: 21/21 MP: 1/5
   636 | D:2      | Noticed Terence
  1299 | D:3      | Found a blossoming altar of Fedhas.
  1318 | D:3      | Reached XP level 4. HP: 21/27 MP: 0/7
  1507 | D:3      | Learned a level 4 spell: Iskenderun's Mystic Blast
  1615 | D:3      | Noticed an earth elemental
  1617 | D:3      | Found a stormy altar of Qazlal.
  1618 | D:3      | Noticed an air elemental
  1618 | D:3      | Noticed a fire elemental
  1618 | D:3      | Noticed a water elemental
  1629 | D:3      | Noticed Jessica
  1684 | D:4      | Noticed Menkaure
  1700 | D:4      | Found a staircase to the Ecumenical Temple.
  1708 | Temple   | Entered the Ecumenical Temple
  1732 | Temple   | Became a worshipper of Vehumet
  1816 | D:3      | Reached XP level 5. HP: 21/31 MP: 0/8
  2521 | D:2      | Found a faded altar of an unknown god.
  2565 | D:2      | Found an iron altar of Okawaru.
  2654 | D:2      | Found a runed door.
  2706 | D:2      | Found a burning altar of Makhleb.
  2711 | D:2      | Found a bloodstained altar of Trog.
  3406 | D:3      | Killed Jessica
  3406 | D:3      | Reached skill level 5 in Conjurations
  3406 | D:3      | Reached XP level 6. HP: 36/36 MP: 3/9
  3758 | D:4      | Noticed an ogre
  3762 | D:4      | Killed an ogre
  3784 | D:4      | Noticed Dowan
  4243 | D:4      | Reached XP level 7. HP: 31/41 MP: 5/10
  4320 | D:4      | Killed Menkaure
  4455 | D:5      | Entered Level 5 of the Dungeon
  4603 | D:5      | Noticed Edmund
  4866 | D:4      | Found an opulent altar of Gozag.
  4994 | D:5      | Noticed Grinder
  5251 | D:5      | Noticed Sigmund
  5376 | D:6      | Learned a level 3 spell: Dazzling Spray
  5546 | D:6      | Reached XP level 8. HP: 47/47 MP: 3/13
  5569 | D:6      | Reached skill level 1 in Fighting
  5736 | D:6      | Reached * piety under Vehumet
  5736 | D:6      | Offered knowledge of Sandblast by Vehumet.
  5746 | D:6      | Learned a level 1 spell: Sandblast
  5856 | D:6      | Reached skill level 1 in Earth Magic
  5862 | D:6      | Found a glowing drain.
  5876 | Sewer    | Entered a sewer
  6789 | D:5      | Paralysed by Grinder for 5 turns
  6796 | D:5      | Killed Grinder
  6796 | D:5      | Reached skill level 2 in Earth Magic
  6796 | D:5      | Reached XP level 9. HP: 46/55 MP: 4/14
  6852 | D:5      | Noticed Eustachio
  6891 | D:4      | Noticed Pikel
  6920 | D:4      | Killed Pikel
  6920 | D:4      | Reached skill level 4 in Earth Magic
  7066 | D:2      | Noticed Crazy Yiuf
  7071 | D:2      | Killed Crazy Yiuf
  7252 | D:4      | Noticed Duvessa
  7275 | D:4      | Killed Duvessa
  7365 | D:4      | Killed Dowan
  7673 | D:4      | Reached skill level 5 in Dodging
  7822 | D:5      | Reached skill level 5 in Earth Magic
  7947 | D:5      | Killed Sigmund
  7989 | D:5      | Reached ** piety under Vehumet
  8035 | D:5      | Killed Eustachio
  8035 | D:5      | Offered knowledge of Flame Tongue by Vehumet.
  8085 | D:5      | Reached XP level 10. HP: 37/63 MP: 1/17
  8447 | D:6      | Reached skill level 6 in Earth Magic
  8613 | D:7      | Reached skill level 5 in Spellcasting
  8809 | D:7      | Noticed Nuz's ghost (novice DrCj)
  9459 | D:7      | Reached skill level 7 in Earth Magic
  9517 | D:7      | Offered knowledge of Throw Frost by Vehumet.
  9713 | D:8      | Noticed Joseph
  9998 | D:8      | Reached *** piety under Vehumet
 10222 | D:8      | Noticed a komodo dragon
 10449 | D:8      | Reached skill level 8 in Earth Magic
 10690 | D:8      | Offered knowledge of Ignite Poison by Vehumet.
 10735 | D:8      | Found an ornate altar of the Wu Jian Council.
 10748 | D:8      | Noticed a two-headed ogre
 10775 | D:8      | HP: 2/63 [two-headed ogre/giant club (25)]
 10775 | D:8      | Demolished by a two-headed ogre

Vault maps used:
D:1:      dpeg_arrival_lava_temple_mockup, hangedman_decor_diamond_cutter,
          minmay_strange_pillars, grunt_decor_cap, minmay_crystal_water,
          minmay_gold_behind_fungi
D:2:      amethyst_overflow_temple_binary, okawaru_ov_weapons_minmay,
          chequers_ecumenical_altar_grove, uniq_crazy_yiuf_cottage, uniq_terence
D:3:      overflow_temple_1_default, first_ration,
          nicolae_qazlal_style_of_elements, uniq_jessica
D:4:      kennysheep_mini, minmay_temple_entry_grid, uniq_menkaure, uniq_pikel,
          uniq_duvessa
D:5:      uniq_sigmund, uniq_grinder, uniq_edmund, uniq_eustachio
D:6:      portal_sewer_entry_e
D:7:      minmay_cornered_nines
D:8:      lemuel_crystal_altar, uniq_joseph
Temple:   nicolae_temple_x_marks_the_god
Sewer:    sewer_fruit_machine

Skill      XL: |  1  2  3  4  5  6  7  8  9 10 |
---------------+-------------------------------+-----
Slings         | 1 2 3 |  3.3
Spellcasting   | 2 3 4 5 |  5.7
Conjurations   | 4 5 6 |  6.8
Fighting       | 2 3 |  3.2
Dodging        | 4 5 7 |  7.1
Earth Magic    | 2 5 8 |  8.2
Stealth        | |  2.1

Action                   |  1- 3 |  4- 6 |  7- 9 | 10-12 || total
-------------------------+-------+-------+-------+-------++-------
Melee: Hunting sling     |     1 |       |       |       ||     1
       Club              |       |    11 |   208 |   170 ||   389
 Fire: Hunting sling     |    61 |    17 |       |       ||    78
 Cast: Magic Dart        |    49 |    62 |    10 |     7 ||   128
       Iskenderun's Myst |       |     6 |    50 |    32 ||    88
       Sandblast         |       |       |    31 |    61 ||    92
       Dazzling Spray    |       |       |     3 |       ||     3
Evoke: Wand              |       |       |     7 |     2 ||     9
  Use: Potion            |     1 |     1 |     3 |     2 ||     7
       Scroll            |       |    14 |     4 |     1 ||    19
 Stab: Invisible         |       |       |     1 |       ||     1
       Paralysed         |       |       |       |     6 ||     6
       Sleeping          |       |       |       |     1 ||     1
  Eat: Chunk             |     2 |    12 |    10 |    10 ||    34
       Ration            |       |       |     4 |     1 ||     5
Armor: Robe              |     5 |     1 |    62 |       ||    68
       Leather armour    |       |       |     1 |    43 ||    44
Dodge: Dodged            |    37 |    29 |   259 |   197 ||   522

Table legend:
 A = Spawn XP
 B = Non-spawn XP
 C = Spawn XP percentage of total XP
 D = Spawn monster count
 E = Non-spawn monster count
 F = Spawn count percentage of total count
 G = Total turns spent on level
                    A         B        C        D         E        F      G
               +---------+---------+-------+---------+---------+-------+---------
         Total |       0 |    7095 |   0.0 |       0 |     189 |   0.0 | 10775
               +---------+---------+-------+---------+---------+-------+---------
           D:1 |       0 |      32 |   0.0 |       0 |      16 |   0.0 |   860
           D:2 |       0 |     105 |   0.0 |       0 |      18 |   0.0 |  1699
           D:3 |       0 |     285 |   0.0 |       0 |      22 |   0.0 |  1764
           D:4 |       0 |    1469 |   0.0 |       0 |      11 |   0.0 |  1645
           D:5 |       0 |    1256 |   0.0 |       0 |      12 |   0.0 |   912
           D:6 |       0 |     852 |   0.0 |       0 |      23 |   0.0 |  1109
           D:7 |       0 |    1738 |   0.0 |       0 |      34 |   0.0 |  1338
           D:8 |       0 |    1292 |   0.0 |       0 |      30 |   0.0 |   878
         Sewer |       0 |      66 |   0.0 |       0 |      23 |   0.0 |   537
               +---------+---------+-------+---------+---------+-------+---------
